 Dungeon Crawl Stone Soup version 0.28.0-53-g5a82cb258f (webtiles) character file.

Game seed: 15185042866722342250

28 ILmort the Chopper (level 3, -3/28 HPs)
             Began as a Demonspawn Gladiator on Aug 15, 2022.
             Slain by Terence
             ... wielding a +0 flail
              (7 damage)
             ... on level 1 of the Dungeon.
             The game lasted 00:03:57 (994 turns).

ILmort the Chopper (Demonspawn Gladiator)            Turns: 994, Time: 00:03:58

Health: -3/28      AC:  6    Str: 16    XL:     3   Next: 0%
Magic:  3/3        EV: 10    Int:  9    God:
Gold:   57         SH:  0    Dex: 14    Spells: 2/2 levels left

rFire   . . .      SeeInvis .   a - +0 war axe
rCold   . . .      Faith    .   (no shield)
rNeg    . . .      Spirit   .   j - +0 scale mail
rPois   .          Reflect  .   (helmet restricted)
rElec   .          Harm     .   (no cloak)
rCorr   .          Rampage  .   (no gloves)
Will    .....                   (no boots)
Stlth   ..........              (no amulet)
HPRegen 0.09/turn               (no ring)
MPRegen 0.08/turn               (no ring)

@: no status effects
A: horns 2
a: no special abilities


You were on level 1 of the Dungeon.
You visited 1 branch of the dungeon, and saw 2 of its levels.

You collected 57 gold pieces.

Inventory:

Hand Weapons
 a - a +0 war axe (weapon)
Missiles
 d - 3 throwing nets (quivered)
Armour
 b - a +0 leather armour
 c - a +0 helmet
 j - a +0 scale mail (worn)
Potions
 g - a potion of curing
 h - a potion of degeneration {unknown}


   Skills:
 + Level 2.7 Fighting
 + Level 3.2 Axes
 - Level 1.8 Throwing
 - Level 2.7 Dodging


You had 2 spell levels left.
You didn't know any spells.
Your spell library was empty.

Dungeon Overview and Level Annotations

Branches:
Dungeon (2/15)

Altars:

Annotations:
D:1 Terence


Innate Abilities, Weirdness & Mutations

You have a pair of horns on your head.


Message History

There is a stone staircase leading down here.
You see here a +0 dagger.
You see here a +0 dagger.
Found 14 stones.
Done exploring.
You see here a +0 dagger.
There is an escape hatch in the floor here.
There is a stone staircase leading down here.
You climb downwards.
There is a stone staircase leading up here.
Found a leather armour and a dented platinum amulet.
Terence the Incautious comes into view.
He is wielding a +0 flail and wearing a +1 chain mail of cold resistance.
Terence shouts!
An adder comes into view.
The adder hisses angrily.
There is a stone staircase leading up here.
Terence barely misses you.
You climb upwards.
There is a stone staircase leading down here.
You hit Terence. You headbutt Terence. Terence hits you with a +0 flail.
You hit Terence but do no damage. Terence completely misses you. x2
You hit Terence but do no damage. Terence barely misses you.
You hit Terence.
Terence says, "Time to say good-bye..."
Terence hits you with a +0 flail.
You hit Terence but do no damage. Terence hits you with a +0 flail! x2
* * * LOW HITPOINT WARNING * * *
Sorry, you're not good enough to have a special ability.
As you read the scroll labelled NUAGATW MOREKI, it crumbles to dust.
The creatures around you are filled with an inner flame!
It was a scroll of immolation.
Terence hits you with a +0 flail.
* * * LOW HITPOINT WARNING * * *
As you read the scroll labelled ONNONL WANLESH, it crumbles to dust.
It is a scroll of identify.
g - a potion of curing Terence misses you.
As you read the scroll labelled XOPTOI HO GIT, it crumbles to dust.
It is a scroll of amnesia.
You feel forgetful for a moment. Terence hits you with a +0 flail!
You die...

.....#.##...#..#...............#.
......###...##.#.##########.#.###
####### #...##......# #.#....
##############......# #÷#.###
..##.#.## #.......# #####.###
........# #.......###.......#
.....#''# #......#..........#
..####..# #......#.⌠≈≈⌠≈⌠⌠≈.#
..####''### #...@....≈P.....⌠.#
..##......# #....@.#.≈.####.⌠.#
..##.≈≈§§.# #........≈..._#P⌠.#
..##.≈≈§≈.# #........≈P####.⌠.#
..##......# #######..≈P.....≈.#
..####''### ##..≈P⌠≈⌠≈≈.# ###
#<.# #..........# ####
##.........# #.#######.#


You could see Terence (inner flame).

Vanquished Creatures
  2 ball pythons (D:1)
  A bat (D:1)
  3 endoplasms (D:1)
  4 giant cockroaches (D:1)
  3 goblins (D:1)
  2 hobgoblins (D:1)
  6 frilled lizards (D:1)
  2 kobolds (D:1)
  2 rats (D:1)
25 creatures vanquished.

Notes
Turn   | Place    | Note
-------+----------+-------------------------------------------
     0 | D:1      | ILmort the Demonspawn Gladiator began the quest for the
                  | Orb.
     0 | D:1      | Reached XP level 1. HP: 16/16 MP: 1/1
   334 | D:1      | Discovered your monstrous ancestry.
   334 | D:1      | Gained mutation: You have a pair of small horns on your
                  | head. [demonic ancestry]
   334 | D:1      | Reached XP level 2. HP: 22/22 MP: 2/2
   367 | D:1      | Reached skill level 3 in Axes
   593 | D:1      | Found a faded altar of an unknown god.
   785 | D:1      | Gained mutation: You have a pair of horns on your head.
                  | [demonic ancestry]
   785 | D:1      | Reached XP level 3. HP: 28/28 MP: 3/3
   975 | D:2      | Noticed Terence
   994 | D:1      | Slain by Terence

Illustrated notes

Levels and vault maps discovered:
D:1:      lightli_arrival_lavapool, layout_basic,
          shapermc_ecumenical_altar_acropolis, hangedman_decor_slide_cut,
          minmay_pentomino_p4
D:2:      layout_basic, uniq_terence

Skill      XL: |  1  2 |
---------------+-------+-----
Axes           | 3 |  3.2
Fighting       | |  2.7
Throwing       | |  1.8
Dodging        | |  2.7

Action                   || total
-------------------------++-------
Melee: War axe           ||    64
       Headbutt          ||     4
  Use: Scroll            ||     3
 Stab: Sleeping          ||     1
Armor: Leather armour    ||    17
Dodge: Dodged            ||    42
